 Dungeon Crawl Stone Soup version 0.29.1-2-gbd0b4ee654 (webtiles) character file.

Game seed: 2645200297484388397

543 p00ps00p the Trooper (level 7, 0/62 HPs)
             Began as a Hill Orc Fighter on Oct 29, 2022.
             Killed by nerve-wracking pain
             ... invoked by a shadow imp
             ... summoned by Eustachio
              (13 damage)
             ... on level 4 of the Dungeon.
             The game lasted 00:08:13 (4168 turns).

p00ps00p the Trooper (Hill Orc Fighter)             Turns: 4168, Time: 00:08:14

Health: 0/62       AC:  7    Str: 21    XL:     7   Next: 27%
Magic:  7/7        EV:  9    Int:  8    God:
Gold:   168        SH:  5    Dex: 10    Spells: 6/6 levels left

rFire   . . .      SeeInvis .   a - +0 war axe
rCold   . . .      Faith    .   c - +0 buckler
rNeg    . . .      Spirit   .   b - +0 scale mail
rPois   .          Reflect  .   (no helmet)
rElec   .          Harm     .   (no cloak)
rCorr   .          Rampage  .   (no gloves)
Will    .....                   (no boots)
Stlth   ..........              (no amulet)
HPRegen 0.20/turn               (no ring)
MPRegen 0.10/turn               (no ring)

@: no status effects
A: no striking features
a: no special abilities


You were on level 4 of the Dungeon.
You visited 1 branch of the dungeon, and saw 4 of its levels.

You collected 168 gold pieces.

Inventory:

Hand Weapons
 a - a +0 war axe (weapon)
Missiles
 t - 3 silver boomerangs (quivered)
Armour
 b - a +0 scale mail (worn)
 c - a +0 buckler (worn)
Jewellery
 o - the amulet of Bemi {rC+ Regen+ Int+5 Dex+6}
   (You found it on level 3 of the Dungeon)

   [amulet of regeneration]

   Int:       It affects your intelligence (+5).
   Dex:       It affects your dexterity (+6).
   rC:        It protects you from cold.
   Regen:     It increases your rate of health regeneration.
Wands
 r - a wand of paralysis (12)
Scrolls
 h - 3 scrolls of immolation
 j - 2 scrolls of torment {unknown}
 l - a scroll of silence {unknown}
 u - a scroll of fear {unknown}
Potions
 d - 2 potions of might
 e - 2 potions of curing
 f - a potion of mutation {unknown}
 g - 2 potions of ambrosia
 i - 2 potions of attraction
 k - 2 potions of cancellation
 m - a potion of berserk rage {unknown}
 n - 2 potions of haste {unknown}
 p - a potion of resistance {unknown}
 s - a potion of invisibility {unknown}
 v - a potion of degeneration {unknown}


   Skills:
 + Level 5.7 Fighting
 + Level 5.5 Axes
 + Level 5.3 Armour
 + Level 5.2 Shields


You had 6 spell levels left.
You didn't know any spells.
Your spell library contained the following spells:

 Spells                   Type           Power      Damage    Failure   Level
 Ensorcelled Hibernation  Hex/Ice        0%         N/A       91%         2
 Spider Form              Tmut/Pois      0%         N/A       99%         3
 Anguish                  Hex/Necr       0%         N/A       100%        4
 Freezing Cloud           Conj/Ice/Air   0%         6-21      100%        5
 Simulacrum               Ice/Necr       0%         N/A       100%        6
 Polar Vortex             Ice            0%         N/A       100%        9


Dungeon Overview and Level Annotations

Branches:
Dungeon (4/15)
 Temple: D:4-7

Altars:
Hepliaklqana
Nemelex Xobeh
Xom
Yredelemnul

Shops:
D:1 ?:=(

Annotations:
D:4 Eustachio


Message History

Eustachio casts a spell.
The quokka closely misses you. Eustachio barely misses you.
The quokka closely misses you.
You slash Eustachio!
Eustachio is severely wounded.
You closely miss the quokka. You closely miss the iron imp.
You block the bat's attack. The quokka completely misses you.
Eustachio hits you with a +1 rapier of electrocution.
You are electrocuted!!
The iron imp barely misses you.
You miss Eustachio.
Eustachio is severely wounded.
You closely miss the quokka. You closely miss the shadow imp.
You hit the iron imp. The bat completely misses you.
The quokka closely misses you.
Eustachio hits you with a +1 rapier of electrocution.
You are electrocuted!
* * * LOW HITPOINT WARNING * * *
The shadow imp hits you.
* * * LOW HITPOINT WARNING * * *
The iron imp hits you.
* * * LOW HITPOINT WARNING * * *
The quokka bites you but does no damage.
You feel better. You block the bat's attack. The bat barely misses you.
Eustachio hits you with a +1 rapier of electrocution.
* * * LOW HITPOINT WARNING * * *
The shadow imp barely misses you. The quokka barely misses you.
The bat hits you but does no damage. The iron imp hits you.
* * * LOW HITPOINT WARNING * * *
Eustachio mumbles some strange words.
The quokka bites you but does no damage.
The bat barely misses you. The quokka attacks as you move away!
You block the quokka's attack. The bat attacks as you move away!
The bat barely misses you.
The quokka disappears in a puff of smoke!
The bat hits you but does no damage. The bat hits you but does no damage.
The shadow imp gestures at you. Pain shoots through your body!
You die...

...........#.......########.....#
...........#.......#.....##.....#
......##...#.......#............#
##....##...#...r...#............#
##....##...#.....r.#............#
...........#...§.r.'............#
...........#..b.@55##########...#
...........#.......#.....####...#
...........#....@..#.......#....#
#+##########.......#............#
...................#..###.###...#
...................#..#.....#...#
..................>#..#.....#...#
...................#)...........#
...................#.÷#..>..#...#
.#########'##'#.......#.....#...#
.#............#.......###.### ..#


You could see Eustachio, an iron imp (summoned), 2 river rats, a shadow imp
(summoned), a quokka (summoned) and a bat (summoned).

Vanquished Creatures
  Menkaure (D:4)
  Pargi (D:4)
  A phantom (D:4)
  2 scorpions (D:4)
  An iguana (D:4)
  An orc wizard (D:3)
  4 adders
  3 dart slugs
  4 orcs
  5 ball pythons
  2 endoplasms (D:2)
  5 goblins
  7 hobgoblins
  5 jackals
  3 quokkas
  3 bats
  5 frilled lizards
  4 kobolds
  3 rats
60 creatures vanquished.

Notes
Turn   | Place    | Note
-------+----------+-------------------------------------------
     0 | D:1      | p00ps00p the Hill Orc Fighter began the quest for the Orb.
     0 | D:1      | Reached XP level 1. HP: 19/19 MP: 1/1
    10 | D:1      | Found Amuit Kaisurr's Jewellery Emporium.
    89 | D:1      | Reached XP level 2. HP: 23/27 MP: 2/2
   273 | D:1      | Found a faded altar of an unknown god.
   361 | D:1      | Found Irar's Magic Scroll Emporium.
   604 | D:1      | Found Housatudd's Weapon Emporium.
   618 | D:1      | Found Tokekhlor's Book Shoppe.
   960 | D:2      | Reached XP level 3. HP: 18/33 MP: 3/3
  1269 | D:2      | Found a sparkling altar of Nemelex Xobeh.
  1409 | D:2      | Reached XP level 4. HP: 36/40 MP: 4/4
  2097 | D:3      | Identified the amulet of Bemi {rC+ Regen+ Int+5 Dex+6}
  2109 | D:3      | Found a shimmering altar of Xom.
  2111 | D:3      | Found a hazy altar of Hepliaklqana.
  2112 | D:3      | Noticed a spectral ugly thing
  2416 | D:3      | Found a basalt altar of Yredelemnul.
  2716 | D:4      | Noticed a scorpion
  2721 | D:4      | Killed a scorpion
  2722 | D:4      | Reached XP level 5. HP: 47/47 MP: 5/5
  2757 | D:4      | Noticed Menkaure
  2766 | D:4      | Killed Menkaure
  2767 | D:4      | Reached skill level 5 in Fighting
  2767 | D:4      | Reached XP level 6. HP: 32/56 MP: 6/6
  3205 | D:4      | Reached skill level 5 in Axes
  3881 | D:4      | Noticed Pargi
  3906 | D:4      | Killed Pargi
  3907 | D:4      | Reached skill level 5 in Armour
  3907 | D:4      | Reached skill level 5 in Shields
  3907 | D:4      | Reached XP level 7. HP: 18/61 MP: 7/7
  4149 | D:4      | Noticed Eustachio
  4168 | D:4      | Killed from afar by a shadow imp

Illustrated notes

Levels and vault maps discovered:
D:1:      roderic_chinese_lattice_arrival, layout_basic,
          hellmonk_ecumenical_altar_crossroads, serial_shops, shop,
          nicolae_diamond_shop, nicolae_diamond_shop, shop_fountains
D:2:      layout_basic, basic_altar
D:3:      layout_rooms, lemuel_tele_altar, regret_index_temple_of_mockery,
          serial_bayou_pond_d, nicolae_figureground_pulse
D:4:      layout_gridville, st_stairs_3, uniq_menkaure, uniq_pargi,
          uniq_eustachio, uniq_crazy_yiuf_cottage

Skill      XL: |  1  2  3  4  5  6 |
---------------+-------------------+-----
Axes           | 3 4 5 |  5.5
Fighting       | 4 5 |  5.7
Armour         | 4 5 |  5.3
Shields        | 4 5 |  5.2

Action                   |  1- 3 |  4- 6 |  7- 9 || total
-------------------------+-------+-------+-------++-------
Melee: War axe           |    90 |   123 |    13 ||   226
  Use: Scroll            |       |     5 |       ||     5
       Potion            |       |     1 |     1 ||     2
Armor: Scale mail        |    58 |    94 |     6 ||   158
Dodge: Dodged            |    44 |    77 |    17 ||   138
Block: Buckler           |    24 |    37 |     5 ||    66
